 Dungeon Crawl Stone Soup version 0.27-a0-1036-g8e1b44f6bd (webtiles) character file.

Game seed: 14066096870667147719

38 voltaire321 the Ducker (level 3, 0/29 HPs)
             Began as a Djinni Gladiator on Apr 19, 2021.
             Slain by an orc warrior
             ... wielding a +0 morningstar of protection
              (12 damage)
             ... on level 4 of the Dungeon.
             The game lasted 00:02:35 (1241 turns).

voltaire321 the Ducker (Djinni Gladiator)           Turns: 1241, Time: 00:02:36

Health: 0/29       AC:  4    Str: 13    XL:     3   Next: 43%
Gold:   40         EV: 12    Int: 10    God:
                   SH:  0    Dex: 14

rFire    + + .     SeeInvis .   a - +0 long sword
rCold    x . .     Faith    .   (no shield)
rNeg     . . .     Spirit   .   b - +0 leather armour
rPois    ∞         Reflect  .   c - +0 helmet
rElec    .         Harm     .   (no cloak)
rCorr    .         Rampage  .   (no gloves)
Will     .....                  (boots unavailable)
Stlth    +.........             (no amulet)
HPRegen  0.09/turn              (no ring)
MPRegen  0.00/turn              (no ring)

@: flying
A: fire resistance 2, cold vulnerability 1, float, innate caster, hp casting,
extra vitality 1
a: no special abilities


You were on level 4 of the Dungeon.
You visited 1 branch of the dungeon, and saw 3 of its levels.

You collected 40 gold pieces.

Inventory:

Hand Weapons
 a - a +0 long sword (weapon)
Missiles
 d - 3 throwing nets (quivered)
Armour
 b - a +0 leather armour (worn)
 c - a +0 helmet (worn)
Scrolls
 f - 2 scrolls of identify {unknown}
 g - a scroll of enchant armour {unknown}
 h - a scroll of summoning {unknown}
Potions
 e - 2 potions of lignification {unknown}
 i - a potion of might {unknown}


   Skills:
 + Level 2.5 Fighting
 + Level 3.1 Long Blades
 - Level 1.5 Throwing
 + Level 3.7 Dodging
 + Level 1.0 Spellcasting


You had 3 spell levels left.
You knew the following spells:

 Your Spells              Type           Power      Damage    Failure   Level
a - Corona                Hex            2%         N/A       28%         1
Your spell library was empty.

Dungeon Overview and Level Annotations

Branches:
Dungeon (2/15)

Altars:


Innate Abilities, Weirdness & Mutations

You are immune to poison.
Your flesh is very heat resistant. (rF++)
You are vulnerable to cold. (rC-)
You float through the air rather than walking.
You learn spells naturally, not from books.
Your magical power is your life essence.
You have superior vitality. (+4 HP)


Message History

The adder is almost dead.
The adder bites you.
You closely miss the adder.
The adder is almost dead.
The adder bites you. The adder barely misses you.
You closely miss the adder.
The adder is almost dead.
The adder misses you. The adder barely misses you.
You hit the adder.
You kill the adder!
Your Spellcasting skill increases to level 1!
Casting: Corona (safe; 28% risk of failure)
Confirm with . or Enter, or press ? or * to list all spells.
Aiming: Corona (safe; 28% risk of failure)
Press: ? - help, Shift-Dir - straight line, f - orc warrior
Aim: an orc warrior, wielding a +0 morningstar of protection and wearing a +0 plate armour (chance to affect: 35%)
You miscast Corona.
You are very lightly contaminated with residual magic.
Nothing appears to happen.
The orc warrior closely misses you.
Your magical contamination has completely faded away.
You see here 19 stones.
You see here 23 sling bullets.
There is a stone staircase leading down here.
An iguana comes into view.
The jelly jiggles.
Found 6 gold pieces.
Really fly into that dispersal trap?
You enter a dispersal trap!
The orc warrior blinks!
The jelly blinks!
You blink.
The orc warrior enters a dispersal trap!
The hobgoblin blinks!
You blink.
You barely miss the orc warrior. The orc warrior barely misses you.
You hit the orc warrior but do no damage.
The orc warrior closely misses you.
The orc warrior hits you with a +0 morningstar of protection!
Ouch! That really hurt!
You hit the orc warrior.
The orc warrior is lightly wounded.
The orc warrior hits you with a +0 morningstar of protection!
You die...

#.# ####.########
##............
g(.##.##########
#####.# #.( #.# #.#
#.# #.# l#
####.########.######
#.#
#)............o@...#
#.#
#.###.#######.####>#
#.# #.# #.# #.# #.#
#.# #g# #.# #.# #.#
#.# #.# #g# #o#
#.###.####.# #.# #o#
#.# #..........#
#.###.# #.#
#####.####.. #.....#
#.########.###.#.
#######
#.g.Jg.oo.$......#


You could see an orc warrior.

Vanquished Creatures
  An adder (D:4)
  3 dart slugs
  3 ball pythons
  A bat (D:1)
  2 endoplasms (D:1)
  3 goblins (D:1)
  A hobgoblin (D:1)
  3 jackals (D:1)
  A quokka (D:1)
  3 frilled lizards (D:1)
  A kobold (D:1)
22 creatures vanquished.

Notes
Turn   | Place    | Note
-------+----------+-------------------------------------------
     0 | D:1      | voltaire321 the Djinni Gladiator began the quest for the
                  | Orb.
     0 | D:1      | Reached XP level 1. HP: 18/18 MP: 0/0
   189 | D:1      | Reached XP level 2. HP: 19/23 MP: 0/0
   928 | D:2      | Reached XP level 3. HP: 18/29 MP: 0/0
   928 | D:2      | Learned a level 1 spell: Corona
  1087 | D:2      | You are sucked into a shaft and drop 2 floors!
  1100 | D:4      | Identified the +7 quarterstaff of Ragnarok {speed, Fly
                  | Str+5}
  1144 | D:4      | Noticed an orc warrior
  1156 | D:4      | Reached skill level 1 in Spellcasting
  1241 | D:4      | Slain by an orc warrior

Illustrated notes

Levels and vault maps discovered:
D:1:      amcnicky_arrival_single_pillar, layout_loops_ring
D:2:      layout_loops_ring, basic_altar
D:4:      layout_loops_ring

Skill      XL: |  1  2  3 |
---------------+----------+-----
Long Blades    | 3 |  3.1
Spellcasting   | 1 |  1.0
Fighting       | |  2.5
Throwing       | |  1.5
Dodging        | |  3.7

Action                   || total
-------------------------++-------
Melee: Long sword        ||    61
 Stab: Sleeping          ||     1
Armor: Leather armour    ||     8
Dodge: Dodged            ||    45
       Rpst.: Long sword ||     5

Table legend: (Time is in decaauts)
 A = Elapsed time spent in this place.
 B = Non-inter-level travel time spent in this place.
 C = Inter-level travel time spent in this place.
 D = Time resting spent in this place.
 E = Time spent auto-exploring this place.
 F = Levels seen in this place.
 G = Mean time per level.
                   A        B        C        D        E       F      G
               +--------+--------+--------+--------+--------+-----+--------+
         Total |   1256 |   1212 |     44 |    116 |    828 |   3 |  418.7 |
       Dungeon |   1256 |   1212 |     44 |    116 |    828 |   3 |  418.7 |
               +--------+--------+--------+--------+--------+-----+--------+

Top non-repeatable levels by time:
     D:1: 929 daAuts
     D:2: 169 daAuts
     D:4: 156 daAuts
